 Dungeon Crawl Stone Soup version 0.32-a0-732-ga344392067 (webtiles) character file.

Game seed: 1894689436870869446

1412 gimp the Carver (level 8, -18/93 HPs)
             Began as a Coglin Wanderer on Mar 16, 2024.
             Was a Follower of Trog.
             Demolished by a gnoll
             ... wielding a +0 heavy halberd
             ... led by a gnoll sergeant
              (21 damage)
             ... on level 6 of the Dungeon.
             The game lasted 00:11:39 (6190 turns).

gimp the Carver (Coglin Wanderer)                   Turns: 6190, Time: 00:11:39

Health: -18/93     AC:  5    Str: 13    XL:     8   Next: 70%
Magic:  9/9        EV: 11    Int: 10    God:    Trog [*.....]
Gold:   103        SH:  0    Dex: 17    Spells: 8/9 levels left

rFire   . . .        a - +3 falchion {Choonhe}
rCold   . . .        b - +2 dagger (venom) {Therese}
rNeg    . . .        c - +0 ring mail
rPois   .            (no helmet)
rElec   .            (no cloak)
rCorr   .            (no gloves)
SInv    .            (no boots)
Will    .....        (amulet unavailable) Stlth
                     (ring unavailable)
HPRegen 0.35/turn    (ring unavailable)
MPRegen 0.11/turn    (no gizmo)

%: no passive effects
@: berserking, revved, very quick
A: off-hand wielding, slow wielding, warmup strikes, no jewellery
a: Invent Gizmo, Renounce Religion, Berserk


You were on level 6 of the Dungeon.
You worshipped Trog.
Trog was aware of your devotion.
You visited 2 branches of the dungeon, and saw 7 of its levels.
You also visited: Sewer.

You collected 283 gold pieces.
You spent 180 gold pieces at shops.

Inventory:

Hand Weapons
 a - a +3 falchion (weapon) {Choonhe}
 b - a +2 dagger of venom (offhand) {Therese}
Missiles
 h - 11 poisoned darts
 k - a throwing net
 u - a curare-tipped dart
Armour
 c - a +0 ring mail (worn)
 d - a +0 leather armour
Wands
 j - a wand of polymorph (3)
 o - a wand of mindburst (5)
Scrolls
 f - a scroll of vulnerability
 g - a scroll of fear
 i - a scroll of enchant weapon
 l - 2 scrolls of enchant armour {unknown}
 m - 2 scrolls of teleportation
 s - a scroll of butterflies {unknown}
 t - a scroll of fog {unknown}
 y - a scroll of poison {unknown}
Potions
 e - a potion of brilliance
 n - a potion of berserk rage
 p - a potion of might
 q - a potion of magic {unknown}
 r - 2 potions of attraction
 v - 3 potions of enlightenment
 w - 4 potions of curing
 x - a potion of cancellation
 z - a potion of heal wounds
 A - a potion of haste


   Skills:
 - Level 5.0 Fighting
 * Level 8.0 Long Blades
 + Level 4.5 Dodging
 - Level 1.0 Stealth
 - Level 1.0 Spellcasting
 - Level 1.7 Fire Magic
 - Level 1.0 Invocations
 - Level 2.6 Evocations


You had 8 spell levels left.
You knew the following spells:

 Your Spells              Type           Power      Damage    Failure   Level
a - Foxfire               Conj/Fire      8%         2x1d4     47%         1

Your spell library contained the following spells:

 Spells                   Type           Power      Damage    Failure   Level
 Inner Flame              Hex/Fire       2%         N/A       85%         3
 Gell's Gravitas          Tloc           0%         N/A       92%         3
 Teleport Other           Tloc           0%         N/A       92%         3
 Dispersal                Tloc           0%         N/A       100%        6


Dungeon Overview and Level Annotations

Branches:
Dungeon (6/15)             Temple (1/1) D:4           Sewer (visited)

Altars:
Ashenzari
Dithmenos
Elyvilon
Fedhas
Gozag
Hepliaklqana
Kikubaaqudgha
Nemelex Xobeh
Okawaru
Sif Muna
Trog
Uskayaw
Vehumet
Wu Jian
Xom
Yredelemnul
The Shining One

Shops:
D:4 :   D:5 !(:!!


Innate Abilities, Weirdness & Mutations

You can wield a second weapon in your off-hand.
It takes a long time for you to wield or remove held weapons.
Your first few attacks do less damage.
You cannot equip rings or amulets.


Message History

The white imp hits you. The white imp freezes you.
You take 6 damage, and have 29/61 hp.
You are too injured to fight recklessly!
You hit the white imp with your +3 falchion.
The white imp is severely wounded.
You barely miss the white imp with your +2 dagger of venom.
The white imp gestures at you. The puff of frost hits you.
You take 6 damage, and have 23/61 hp.
You hit the white imp with your +3 falchion.
You kill the white imp!
Trog accepts your kill.
Found a robe.
Health restored: 61
Found a +6 ring of dexterity.
You see here a +0 robe.
You see here a +6 ring of dexterity.
Found a glowing zirconium amulet.
You see here an amulet of faith.
A gnoll sergeant comes into view. It is wielding a +1 heavy spear.
A gnoll sergeant is nearby!
Found a stone staircase leading up.
A gnoll comes into view. It is wielding a +0 flail.
The gnoll sergeant shouts!
You start waiting.
A gnoll sergeant is nearby!
The gnoll sergeant closely misses you.
You hit the gnoll sergeant but do no damage.
The gnoll sergeant is poisoned.
You slash the gnoll sergeant with your +3 falchion!
You hit the gnoll sergeant with your +3 falchion.
The gnoll sergeant is heavily wounded.
You closely miss the gnoll sergeant with your +2 dagger of venom.
The gnoll sergeant hits you with a +1 heavy spear!
You take 13 damage, and have 48/61 hp.
MASSIVE DAMAGE!!
You hit the gnoll sergeant but do no damage.
The gnoll sergeant is heavily wounded.
You slash the gnoll sergeant with your +3 falchion!
You hit the gnoll sergeant but do no damage.
The gnoll sergeant looks as sick as possible!
The gnoll sergeant is almost dead.
You barely miss the gnoll sergeant with your +3 falchion.
You kill the gnoll sergeant!
Trog accepts your kill.
Training target 5.0 for Fighting reached!
Your Fighting skill increases to level 5!
Your Long Blades skill increases to level 8!
A gnoll comes into view. It is wielding a +0 whip.
Things that are here:
a +1 heavy spear; a +0 ring mail A gnoll is nearby!
The gnoll shouts!
You hear a shout! x2
A gnoll comes into view. It is wielding a +0 heavy halberd.
The gnoll shouts!
The gnoll completely misses you.
You slash the gnoll with your +3 falchion!
The gnoll is almost dead.
You closely miss the gnoll with your +2 dagger of venom.
You hit the gnoll but do no damage.
The gnoll is poisoned.
The gnoll is almost dead.
You hit the gnoll with your +3 falchion.
You kill the gnoll!
Trog accepts your kill. The gnoll barely misses you.
The gnoll hits you with a +0 flail!
You take 8 damage, and have 43/62 hp.
You hit the gnoll with your +2 dagger of venom.
The gnoll is poisoned.
The gnoll is lightly wounded.
You hit the gnoll with your +3 falchion.
The gnoll hits you with a +0 flail.
The gnoll hits you from afar with a +0 heavy halberd!
You take 12 damage, and have 31/62 hp.
You are too injured to fight recklessly!
You are too injured to fight recklessly!
You are too injured to fight recklessly!
You hit the gnoll with your +3 falchion.
The gnoll is moderately wounded.
You hit the gnoll with your +2 dagger of venom.
The gnoll looks as sick as possible!
The gnoll barely misses you.
You barely miss the gnoll with your +3 falchion.
The gnoll is heavily wounded.
You hit the gnoll but do no damage.
The gnoll looks as sick as possible!
The gnoll hits you from afar with a +0 heavy halberd!
* * * LOW HITPOINT WARNING * * *
The gnoll hits you with a +0 flail!
* * * LOW HITPOINT WARNING * * *
You take 23 damage, and have 8/62 hp.
MASSIVE DAMAGE!!
Unknown command.
A red film seems to cover your vision as you go berserk!
You feel yourself moving faster!
You feel mighty! The gnoll hits you with a +0 flail!
* * * LOW HITPOINT WARNING * * *
You now have 3/93 hp.
You barely miss the gnoll with your +2 dagger of venom.
The gnoll is almost dead.
You slash the gnoll with your +3 falchion!
You kill the gnoll!
Trog accepts your kill.
The gnoll hits you from afar with a +0 heavy halberd!!
You die...

##.##..............#
##.
#.####...........##
##.. #.##
##.........## #...
#..# ####...#.## #...
##.# ####.## ##..
##.##### ##.## #..
##......# ##.## ###
########.......###..#
..............)@.).##
#............)###.##
#######......g# #..#
# ##.....## ##.#####
# . #.....# #..##.###
## .. #....##
#.......# #. ...
#....# ##......# ##.
.g.< #...## #......#
#.. ..... #..##
#.....## #..


You could see a gnoll.

Vanquished Creatures
  Grinder (D:4)
  An ogre (D:5)
  2 centaurs
  A phantom (D:4)
  A gnoll sergeant (D:6)
  A kobold brigand (Sewer)
  A scorpion (D:5)
  2 jellies
  A bombardier beetle (D:3)
  A hound (D:4)
  2 sleepcaps
  3 iguanas
  4 orc wizards
  13 gnolls
  8 adders
  4 river rats
  A white imp (D:6)
  2 ufetubi (D:6)
  2 ribbon worms
  3 dart slugs
  9 orcs
  7 bats
  2 endoplasms
  6 giant cockroaches
  4 goblins
  2 hobgoblins
  9 jackals
  5 quokkas
  4 ball pythons
  2 frilled lizards
  9 kobolds
  7 rats
120 creatures vanquished.

Vanquished Creatures (others)
  An orc wizard (D:4)
  A foxfire (D:1)
2 creatures vanquished.

Grand Total: 122 creatures vanquished

Notes
Turn   | Place    | Note
-------+----------+-------------------------------------------
     0 | D:1      | gimp the Coglin Wanderer began the quest for the Orb.
     0 | D:1      | gimp set off with the following items: a +2 falchion
                  | {Choonhe}, a wand of polymorph (3), a scroll of blinking, a
                  | +0 leather armour, a +0 dagger {Hugo}; and the following
                  | spell memorised: Foxfire; and the following spells
                  | available to memorise: Inner Flame.
     0 | D:1      | Reached XP level 1. HP: 13/13 MP: 2/2
   136 | D:1      | Reached XP level 2. HP: 20/20 MP: 3/3
   206 | D:1      | Reached skill level 1 in Fighting
   496 | D:2      | Reached XP level 3. HP: 26/26 MP: 4/4
   587 | D:2      | Reached skill level 1 in Dodging
   750 | D:2      | HP: 1/26 [dart slug/slug dart (3)]
  1149 | D:2      | Reached XP level 4. HP: 32/32 MP: 5/5
  1220 | D:2      | Reached skill level 4 in Long Blades
  1433 | D:2      | Reached XP level 5. HP: 20/38 MP: 6/6
  1917 | D:3      | Found a blossoming altar of Fedhas.
  1921 | D:3      | Found an iron altar of Okawaru.
  2250 | D:3      | Found a sparkling altar of Nemelex Xobeh.
  2703 | D:4      | Noticed Grinder
  2750 | D:4      | Paralysed by Grinder for 3 turns
  2767 | D:4      | Killed Grinder
  2768 | D:4      | Reached skill level 5 in Long Blades
  2768 | D:4      | Reached XP level 6. HP: 12/47 MP: 7/7
  2965 | D:4      | Reached XP level 7. HP: 25/52 MP: 8/8
  3182 | D:4      | Reached skill level 6 in Long Blades
  3323 | D:4      | Found Xopti's Book Emporium.
  3419 | D:4      | Found a staircase to the Ecumenical Temple.
  3428 | Temple   | Entered the Ecumenical Temple
  3441 | Temple   | Became a worshipper of Trog the Wrathful
  3830 | D:4      | Found a hazy altar of Hepliaklqana.
  3834 | D:4      | Found a broken altar of Ashenzari.
  3844 | D:4      | Found a basalt altar of Yredelemnul.
  3845 | D:4      | Found a shimmering altar of Xom.
  3845 | D:4      | Found a radiant altar of Vehumet.
  3845 | D:4      | Found a shimmering blue altar of Sif Muna.
  3847 | D:4      | Found a hide-covered altar of Uskayaw.
  3849 | D:4      | Found an opulent altar of Gozag.
  4118 | D:5      | Entered Level 5 of the Dungeon
  4305 | D:5      | Reached XP level 8. HP: 37/60 MP: 9/9
  4320 | D:5      | Reached skill level 7 in Long Blades
  4406 | D:5      | Found Saloblyc's Antique Weapon Shop.
  4667 | D:5      | Found a glowing drain.
  4671 | Sewer    | Entered a sewer
  4675 | Sewer    | Reached * piety under Trog
  4960 | Sewer    | Found a glowing silver altar of Zin.
  5148 | D:5      | Found Egatib's Distillery.
  5151 | D:5      | Bought a potion of heal wounds for 60 gold pieces
  5151 | D:5      | Bought a potion of haste for 120 gold pieces
  5190 | D:5      | Found Wenufos's Book Boutique.
  5229 | D:5      | Found Felleuje's Distillery.
  5335 | D:5      | Found Haor's Distillery.
  6181 | D:6      | Reached skill level 5 in Fighting
  6181 | D:6      | Reached skill level 8 in Long Blades
  6189 | D:6      | HP: 3/93 [gnoll/+0 flail[a gnoll sergeant] (9)]
  6190 | D:6      | Demolished by a gnoll

Illustrated notes

Levels and vault maps discovered:
D:1:      dpeg_arrival_signposts, layout_basic
D:2:      layout_basic, grunt_decor_clamped
D:3:      layout_basic, nicolae_overflow_squiral,
          nemelex_xobeh_ov_fountains_minmay
D:4:      layout_basic, minitemple, minmay_temple_entry_tees, serial_shops,
          nicolae_shop_gibbet_a_chance, minmay_a_box_with_orc_wizards_in_it,
          uniq_grinder
D:5:      layout_loops_ring, serial_shops, shop,
          nicolae_shop_tiny_real_fake_doors, nicolae_shop_real_fake_doors,
          nicolae_shop_behind_doors, shop_statue, gup_sewer_entry_spiral,
          minivault_23, hangedman_decor_riveting, dk_noncrumbling_2
D:6:      layout_cave_pods, grunt_temple_overflow_order_and_chaos_2
Temple:   nicolae_temple_stand_before_the_council

Skill      XL: |  1  2  3  4  5  6  7  8 |
---------------+-------------------------+-----
Fighting       | 1 2 3 4 5 |  5.0
Dodging        | 1 2 3 4 |  4.5
Long Blades    | 4 5 6 8 |  8.0
Stealth        | |  1.0
Spellcasting   | |  1.0
Fire Magic     | |  1.7
Invocations    | |  1.0
Evocations     | |  2.6

Action                     |  1- 3 |  4- 6 |  7- 9 || total
---------------------------+-------+-------+-------++-------
  Melee: Falchion          |    82 |    96 |   192 ||   370
         Dagger            |    73 |    87 |   177 ||   337
   Cast: Foxfire           |     2 |       |       ||     2
 Invoke: Berserk           |       |       |     1 ||     1
    Use: Potion            |     3 |     1 |     1 ||     5
         Scroll            |     1 |       |     8 ||     9
   Stab: Sleeping          |     1 |       |     1 ||     2
         Distracted        |     1 |       |       ||     1
 Armour: Leather armour    |    62 |       |       ||    62
         Ring mail         |       |    78 |   125 ||   203
  Dodge: Dodged            |    66 |    44 |   110 ||   220

Table legend: (Time is in decaauts)
 A = Elapsed time spent in this place.
 B = Non-inter-level travel time spent in this place.
 C = Inter-level travel time spent in this place.
 D = Time resting spent in this place.
 E = Time spent auto-exploring this place.
 F = Levels seen in this place.
 G = Mean time per level.
                   A        B        C        D        E       F      G
               +--------+--------+--------+--------+--------+-----+--------+
         Total |   6234 |   5984 |    250 |     63 |   4467 |   8 |  779.2 |
       Dungeon |   5855 |   5616 |    239 |     63 |   4178 |   6 |  975.8 |
        Temple |     25 |     14 |     11 |      0 |      0 |   1 |   25.0 |
         Sewer |    353 |    353 |      0 |      0 |    288 |   1 |  353.0 |
               +--------+--------+--------+--------+--------+-----+--------+

Top non-repeatable levels by time:
     D:4: 1394 daAuts
     D:2: 1246 daAuts
     D:5: 1193 daAuts
     D:3: 817 daAuts
     D:1: 644 daAuts
     D:6: 557 daAuts
   Sewer: 353 daAuts
  Temple: 25 daAuts
